 Dungeon Crawl Stone Soup version 0.29-a0-43-g62a80824bf (webtiles) character file.

Game seed: 8982026205899820022

542 HallandMoats the Skirmisher (level 7, -6/49 HPs)
             Began as an Octopode Fighter on Feb 3, 2022.
             Mangled by a scorpion (7 damage)
             ... on level 4 of the Dungeon.
             The game lasted 00:03:15 (4176 turns).

HallandMoats the Skirmisher (Octopode Fighter)      Turns: 4176, Time: 00:03:16

Health: -6/49      AC:  1    Str: 17    XL:     7   Next: 27%
Magic:  9/10       EV: 13    Int: 11    God:
Gold:   86         SH:  5    Dex: 11    Spells: 10/10 levels left

rFire   + . .      SeeInvis .   z - +1 spear
rCold   . . .      Faith    .   b - +1 buckler
rNeg    . . .      Spirit   .   (helmet restricted)
rPois   .          Reflect  .   (no amulet)
rElec   .          Harm     .   e - ring of protection from fire
rCorr   .          Rampage  .   (no ring)
Will    .....                   (no ring)
Stlth   +++.......              (no ring)
HPRegen 0.16/turn               (no ring)
MPRegen 0.12/turn               (no ring)
                                (no ring)
                                (no ring)

@: no status effects
A: almost no armour, amphibious, 8 rings, camouflage 1, gelatinous body 1,
(nimble swimmer 1), tentacles
a: no special abilities


You were on level 4 of the Dungeon.
You visited 1 branch of the dungeon, and saw 4 of its levels.

You collected 86 gold pieces.

Inventory:

Hand Weapons
 z - a +1 spear (weapon)
Armour
 b - a +1 buckler (worn)
Jewellery
 e - a ring of protection from fire (left tentacle)
Scrolls
 c - a scroll of enchant weapon
 j - a scroll of magic mapping
Potions
 a - 2 potions of brilliance {unknown}


   Skills:
 * Level 4.3 Fighting
 * Level 3.8 Polearms
 + Level 3.7 Dodging
 + Level 2.9 Stealth
 + Level 3.8 Shields
 + Level 2.0 Spellcasting
 * Level 3.4 Invocations


You had 10 spell levels left.
You didn't know any spells.
Your spell library was empty.

Dungeon Overview and Level Annotations

Branches:
Dungeon (4/15)
 Temple: D:4-7

Altars:


Innate Abilities, Weirdness & Mutations

You cannot wear most types of armour.
You are amphibious.
You can wear up to eight rings at the same time.
Your skin changes colour to match your surroundings (Stealth+).
Your rubbery body absorbs attacks. (AC +1, EV +1)
((You are camouflaged when in or above water. (Stealth+)))
You have tentacles for arms and can constrict up to eight enemies at once.


Message History

The scorpion is heavily wounded.
You constrict the scorpion.
You feel sick. You block the scorpion's attack.
You hit the scorpion. You squeeze the scorpion.
You kill the scorpion!
You feel sick. The bat closely misses you.
You hit the bat.
You kill the bat!
You feel sick.
You hit the bullfrog skeleton. You grab the bullfrog skeleton.
The bullfrog skeleton is moderately damaged.
You constrict the bullfrog skeleton.
You feel sick.
The bullfrog skeleton barely misses you.
You hit the bullfrog skeleton.
The bullfrog skeleton is moderately damaged.
You constrict the bullfrog skeleton.
You feel sick.
You are no longer poisoned.
The bullfrog skeleton barely misses you.
The bullfrog skeleton hits you.
* * * LOW HITPOINT WARNING * * *
You hit the bullfrog skeleton. You squeeze the bullfrog skeleton!
You destroy the bullfrog skeleton!
The scorpion stings you.
* * * LOW HITPOINT WARNING * * *
Your Spellcasting skill increases to level 2!
You hit the scorpion but do no damage. Your grab misses the scorpion.
The scorpion stings you but does no damage.
You closely miss the scorpion. Your grab misses the scorpion.
You squeeze the scorpion.
The scorpion is lightly wounded.
The scorpion stings you.
* * * LOW HITPOINT WARNING * * *
You hit the scorpion but do no damage. You grab the scorpion.
You squeeze the scorpion, but do no damage.
The scorpion is lightly wounded.
You constrict the scorpion. The scorpion stings you.
* * * LOW HITPOINT WARNING * * *
You hit the scorpion but do no damage.
The scorpion is lightly wounded.
You constrict the scorpion. The scorpion stings you!
You die...

#.# .# #.# ####. #.#
#.... #.#
#.#.##########... ##.#
#...............#
...#######.####..#####.
#...........# ##.#
(.########..# #.# ###
#..# #@# #.# #..# #s#
..# ...##...# #.#
#..#..### ..# #..#.#
..# ####. #.# . . ..


You could see a scorpion.

Vanquished Creatures
  Sigmund (D:3)
  A water moccasin (D:4)
  A scorpion (D:4)
  An orc priest (D:3)
  A bullfrog skeleton (D:4)
  2 iguanas
  An orc wizard (D:3)
  A gnoll (D:1)
  An adder (D:2)
  An adder skeleton (D:4)
  2 worms (D:2)
  2 orcs (D:3)
  10 endoplasms
  2 giant cockroaches
  8 goblins
  6 hobgoblins
  4 kobolds
  A quokka (D:3)
  4 ball pythons
  8 bats
  2 frilled lizards (D:1)
  5 rats
65 creatures vanquished.

Vanquished Creatures (others)
  A fungus (D:4)
1 creature vanquished.

Grand Total: 66 creatures vanquished

Notes
Turn   | Place    | Note
-------+----------+-------------------------------------------
     0 | D:1      | HallandMoats the Octopode Fighter began the quest for the
                  | Orb.
     0 | D:1      | Reached XP level 1. HP: 16/16 MP: 1/1
   150 | D:1      | Reached XP level 2. HP: 21/21 MP: 2/2
   373 | D:1      | Reached skill level 1 in Stealth
   373 | D:1      | Reached skill level 1 in Invocations
   373 | D:1      | Reached XP level 3. HP: 19/26 MP: 3/3
   966 | D:2      | Found a faded altar of an unknown god.
  1256 | D:2      | Reached XP level 4. HP: 31/31 MP: 5/5
  2216 | D:3      | Reached skill level 1 in Spellcasting
  2385 | D:3      | Reached XP level 5. HP: 27/36 MP: 6/6
  2415 | D:3      | Noticed Sigmund
  2426 | D:3      | HP: 1/36 [Sigmund (13)]
  2429 | D:3      | Killed Sigmund
  2430 | D:3      | Reached XP level 6. HP: 2/43 MP: 6/8
  3084 | D:3      | Reached skill level 4 in Fighting
  3685 | D:4      | Noticed a water moccasin
  3707 | D:4      | Killed a water moccasin
  4113 | D:4      | Reached XP level 7. HP: 48/48 MP: 9/9
  4175 | D:4      | HP: 1/49 [scorpion (4)]
  4176 | D:4      | Mangled by a scorpion

Illustrated notes

Levels and vault maps discovered:
D:1:      lemuel_arrival_room, layout_loops_ring, chequers_garden
D:2:      layout_loops_corners, hellmonk_ecumenical_altar_lost_god
D:3:      layout_basic, uniq_sigmund
D:4:      old_forge, layout_basic, nicolae_overflow_hidden_temple

Skill      XL: |  1  2  3  4  5  6  7 |
---------------+----------------------+-----
Stealth        | 1 2 |  2.9
Invocations    | 1 2 3 |  3.4
Spellcasting   | 1 2 |  2.0
Polearms       | 3 |  3.8
Fighting       | 4 |  4.3
Dodging        | |  3.7
Shields        | |  3.8

Action                   |  1- 3 |  4- 6 |  7- 9 || total
-------------------------+-------+-------+-------++-------
Melee: Spear             |    67 |    85 |    20 ||   172
       Trident           |     8 |       |       ||     8
       Tentacles         |     8 |    13 |     6 ||    27
       Constrict         |     9 |    12 |     5 ||    26
       Punch             |       |     1 |       ||     1
  Use: Scroll            |       |     6 |       ||     6
       Potion            |       |     2 |       ||     2
 Stab: Sleeping          |    13 |     3 |     1 ||    17
       Distracted        |       |     1 |       ||     1
Armor: Skin              |     2 |     3 |     2 ||     7
Dodge: Dodged            |    25 |    29 |     6 ||    60
Block: Buckler           |    11 |    11 |     1 ||    23

Table legend: (Time is in decaauts)
 A = Elapsed time spent in this place.
 B = Non-inter-level travel time spent in this place.
 C = Inter-level travel time spent in this place.
 D = Time resting spent in this place.
 E = Time spent auto-exploring this place.
 F = Levels seen in this place.
 G = Mean time per level.
                   A        B        C        D        E       F      G
               +--------+--------+--------+--------+--------+-----+--------+
         Total |   4176 |   4063 |    113 |   1035 |   2565 |   4 | 1044.0 |
       Dungeon |   4176 |   4063 |    113 |   1035 |   2565 |   4 | 1044.0 |
               +--------+--------+--------+--------+--------+-----+--------+

Top non-repeatable levels by time:
     D:3: 1594 daAuts
     D:2: 1146 daAuts
     D:1: 934 daAuts
     D:4: 501 daAuts
